 Dungeon Crawl Stone Soup version 0.24-a0-443-g80245de385 (webtiles) character file.

Game seed: 12927505199530986550

1934 Krouwed the Covert (level 8, -1/49 HPs)
             Began as a Vampire Assassin on June 21, 2019.
             Slain by a killer bee (6 damage)
             ... on level 7 of the Dungeon.
             The game lasted 00:25:22 (5906 turns).

Krouwed the Covert (Vampire Assassin)               Turns: 5906, Time: 00:25:23

Health: -1/49      AC:  3    Str: 11    XL:     8   Next: 97%
Magic:  17/17      EV: 16    Int: 14    God:
Gold:   331        SH:  5    Dex: 16    Spells: 7/7 levels left

rFire    . . .     SeeInvis +   o - +1 rapier (venom)
rCold    + + .     Gourm    .   u - +0 buckler
rNeg     + + +     Faith    .   b - +0 robe
rPois    ∞         Spirit   .   (no helmet)
rElec    .         Reflect  .   c - +0 cloak
rCorr    .         Harm     .   (no gloves)
MR       .....                  (no boots)
Stlth    +++++++...             (no amulet)
HPRegen  0.00/turn              r - ring of magical power
MPRegen  0.15/turn              (no ring)

@: bloodless, regenerating quickly
A: no food, fangs 3, see invisible, unbreathing
a: Bat Form, Revivify


You were on level 7 of the Dungeon.
You were bloodless.

You visited 1 branch of the dungeon, and saw 7 of its levels.

You collected 421 gold pieces.
You spent 90 gold pieces at shops.

Inventory:

Hand Weapons
 a - a +2 dagger
 h - a +2 vampiric whip
 n - a +0 hunting sling
 o - a +1 rapier of venom (weapon)
 y - a +1 whip of venom
 F - a +4 quarterstaff of chaos
 H - a +1 dagger of freezing
 J - a cursed +3 scimitar
Missiles
 d - 7 poisoned darts (quivered)
 e - 2 curare-tipped darts
 k - 188 stones
 v - 8 datura-tipped darts
Armour
 b - a +0 robe (worn)
 c - a +0 cloak (worn)
 u - a +0 buckler (worn)
 M - a +0 shield
Jewellery
 r - a ring of magical power (left hand)
 z - an uncursed ring of fire
Wands
 w - a wand of acid (6)
 x - a wand of iceblast (8)
 B - a wand of polymorph (19)
 C - a wand of flame (25)
 E - a wand of digging (11)
Scrolls
 f - 2 scrolls of fog {unknown}
 i - 4 scrolls of teleportation
 j - 3 scrolls of magic mapping
 m - a scroll of random uselessness
 q - 5 scrolls of remove curse {unknown}
 t - a scroll of noise {unknown}
 A - a scroll of amnesia {unknown}
 I - a scroll of identify
 L - a scroll of vulnerability {unknown}
 N - a scroll of blinking {unknown}
 O - a scroll of fear
 Q - a scroll of enchant weapon {unknown}
Potions
 g - 2 potions of haste
 l - a potion of degeneration {unknown}
 p - 6 potions of curing
 s - 2 potions of heal wounds {unknown}
 D - a potion of cancellation {unknown}
 G - 2 potions of berserk rage {unknown}
 K - a potion of might {unknown}
 P - a potion of brilliance {unknown}


   Skills:
 + Level 5.1 Fighting
 + Level 6.2 Short Blades
 - Level 1.5 Throwing
 + Level 5.8 Dodging
 + Level 10.1 Stealth
 + Level 3.9 Shields


You had 7 spell levels left.
You didn't know any spells.
Your spell library contained the following spells:

 Spells                   Type           Power        Failure   Level  Hunger
 Beastly Appendage        Tmut           #.....       28%         1    N/A
 Sticks to Snakes         Tmut           #.......     41%         2    N/A
 Spider Form              Tmut/Pois      #.........   65%         3    N/A
 Ice Form                 Ice/Tmut       #.......     96%         4    N/A
 Blade Hands              Tmut           #.........   100%        5    N/A

Dungeon Overview and Level Annotations

Branches:
Dungeon (7/15)
 Temple: D:4-7

Altars:
Fedhas
Hepliaklqana
Kikubaaqudgha
Ru
Sif Muna
Trog
Wu Jian
Zin


Innate Abilities, Weirdness & Mutations

You do not eat.
You do not regenerate when monsters are visible.
You are frail without blood (-20% HP).
You are immune to poison.
You have razor-sharp teeth.
You have supernaturally acute eyesight. (SInv)
You can survive without breathing.


Message History

You block the killer bee's attack. The killer bee closely misses you.
You block the killer bee's attack.
You see here a quokka corpse.
The killer bee stings you. You block the killer bee's attack.
The killer bee stings you. x2
* * * LOW HITPOINT WARNING * * *
Items here: )) [ †† a +0 dagger; a +0 robe; a +0 club; an orc corpse x2
The killer bee closely misses you. You block the killer bee's attack.
The killer bee completely misses you.
You miss the killer bee. The killer bee stings you.
* * * LOW HITPOINT WARNING * * *
The killer bee completely misses you. The killer bee misses you.
The killer bee barely misses you.
You puncture the killer bee!
The killer bee is poisoned.
The killer bee is heavily wounded.
The killer bee closely misses you. x2; The killer bee stings you.
* * * LOW HITPOINT WARNING * * *
The killer bee stings you.
You die...

.................[###.##.....
.#................# #.# .....
#.....y..........###.# .###
#####..##..#...###...# ##
#########†.#...### .# ##
##...### #.# #
⌠.⌠######y)#####..# .
+....#yy......### ##.
#.y@####.....# ..
#.##.......#.... #
############..#............
###.....#....................
......#.................##...
.#........###................
.....##.#.##..#.#.......### #
......#.#....##.........#
......#...........).......


You could see 4 killer bees.

Vanquished Creatures
  Sigmund (D:5)
  An orc warrior (D:6)
  3 ogres
  A phantom (D:4)
  3 centaurs
  A bullfrog (D:6)
  2 scorpions
  3 wights
  A howler monkey (D:5)
  4 crimson imps
  A hound (D:2)
  2 orc priests
  Crazy Yiuf (D:5)
  3 orc wizards
  A centaur skeleton (D:4)
  2 iguanas (D:4)
  3 worker ants (D:6)
  2 hound skeletons (D:4)
  A howler monkey skeleton (D:4)
  3 gnolls (D:2)
  12 adders
  An ooze (D:1)
  2 adder skeletons
  A worm (D:2)
  A dart slug (D:1)
  A leopard gecko (D:4)
  14 orcs
  6 bats
  9 giant cockroaches
  9 goblins
  7 hobgoblins
  12 jackals
  8 kobolds
  8 quokkas
  A ball python (D:4)
  4 frilled lizards
  A quokka zombie (D:5)
  3 rats
139 creatures vanquished.

Vanquished Creatures (others)
  A human (D:3)
1 creature vanquished.

Grand Total: 140 creatures vanquished

Notes
Turn   | Place    | Note
-------+----------+-------------------------------------------
     0 | D:1      | Krouwed the Vampire Assassin began the quest for the Orb.
     0 | D:1      | Reached XP level 1. HP: 16/16 MP: 1/1
    50 | D:1      | Reached skill level 6 in Stealth
    80 | D:1      | Reached XP level 2. HP: 22/22 MP: 2/2
   312 | D:1      | Reached XP level 3. HP: 27/27 MP: 3/3
   527 | D:2      | Reached XP level 4. HP: 19/34 MP: 4/4
   907 | D:2      | Reached skill level 7 in Stealth
   907 | D:2      | Reached XP level 5. HP: 23/40 MP: 5/5
  1307 | D:3      | Found a faded altar of an unknown god.
  1357 | D:3      | Found Zin's Purification Station.
  1359 | D:3      | Found a glowing silver altar of Zin.
  1367 | D:3      | Bought a potion of curing for 90 gold pieces
  1621 | D:3      | Found an ancient bone altar of Kikubaaqudgha.
  1627 | D:3      | Noticed a human
  1628 | D:3      | Killed a human
  2290 | D:4      | Found a blossoming altar of Fedhas.
  2324 | D:4      | Noticed a phantom
  2328 | D:4      | Noticed a centaur
  2832 | D:4      | Found a hazy altar of Hepliaklqana.
  2833 | D:4      | Reached XP level 6. HP: 42/42 MP: 6/6
  2966 | D:4      | Reached skill level 1 in Shields
  3187 | D:4      | Reached skill level 8 in Stealth
  3385 | D:4      | Reached XP level 7. HP: 39/46 MP: 7/7
  3806 | D:5      | Entered Level 5 of the Dungeon
  4038 | D:5      | Found a sacrificial altar of Ru.
  4104 | D:5      | Found an ornate altar of the Wu Jian Council.
  4127 | D:5      | Found a deep blue altar of Sif Muna.
  4207 | D:5      | Found a runed translucent door.
  4208 | D:5      | Noticed Crazy Yiuf
  4229 | D:5      | Noticed Sigmund
  4233 | D:5      | Killed Sigmund
  4233 | D:5      | Reached skill level 5 in Short Blades
  4233 | D:5      | Reached skill level 9 in Stealth
  4233 | D:5      | Reached XP level 8. HP: 60/60 MP: 8/8
  4706 | D:5      | Killed Crazy Yiuf
  4745 | D:6      | Found a bloodstained altar of Trog.
  4757 | D:6      | Reached skill level 5 in Dodging
  5464 | D:7      | Reached skill level 5 in Fighting
  5464 | D:7      | Reached skill level 10 in Stealth
  5906 | D:7      | Slain by a killer bee

Levels and vault maps discovered:
D:1:      ncdulo_smallfort, layout_rooms, serial_bayou_crossing
D:2:      wander_river, layout_basic, first_ration
D:3:      layout_basic, zin_purify, chequers_ecumenical_altar_island,
          tgw_kikubaaqudgha
D:4:      layout_basic, old_standard_altar, fedhas_bush_and_centaur_altar
D:5:      layout_basic, grunt_temple_overflow_open, hangedman_ru_absence,
          uniq_crazy_yiuf_cottage, uniq_sigmund
D:6:      layout_basic, overflow_temple_1_default
D:7:      layout_rooms, grunt_temple_overflow_lords_of_destruction,
          temple_doors_ab

Skill      XL: |  1  2  3  4  5  6  7  8 |
---------------+-------------------------+-----
Stealth        | 6 7 8 9 10 | 10.1
Fighting       | 2 3 4 5 |  5.1
Short Blades   | 3 4 5 6 |  6.2
Dodging        | 2 3 4 5 |  5.8
Shields        | 1 2 3 |  3.9
Throwing       | |  1.5

Action                   |  1- 3 |  4- 6 |  7- 9 || total
-------------------------+-------+-------+-------++-------
Melee: Dagger            |    50 |   171 |       ||   221
       Bite              |     2 |    20 |    22 ||    44
       Whip              |       |    11 |       ||    11
       Rapier            |       |    71 |   186 ||   257
Throw: Dart              |     3 |    29 |    13 ||    45
 Abil: Exsanguinate      |       |     1 |     1 ||     2
       Revivify          |       |     1 |       ||     1
  Use: Scroll            |       |     7 |     4 ||    11
 Stab: Sleeping          |     9 |    20 |    14 ||    43
Armor: Robe              |     9 |    21 |    18 ||    48
Dodge: Dodged            |    27 |   133 |   106 ||   266
Block: Buckler           |       |    16 |    33 ||    49

Table legend:
 A = Non-vault XP
 B = Vault XP
 C = Vault XP percentage of total XP
 D = Non-vault monster count
 E = Vault monster count
 F = Vault count percentage of total count
                 A         B        C        D         E       F
            +---------+---------+-------+---------+---------+-------
      Total |    2396 |     367 |  13.3 |     136 |       3 |   2.2
            +---------+---------+-------+---------+---------+-------
        D:1 |      42 |       0 |   0.0 |      20 |       0 |   0.0
        D:2 |     160 |       0 |   0.0 |      19 |       0 |   0.0
        D:3 |      76 |       0 |   0.0 |      26 |       0 |   0.0
        D:4 |     615 |     115 |  15.8 |      25 |       1 |   3.8
        D:5 |     375 |     252 |  40.2 |      12 |       2 |  14.3
        D:6 |     908 |       0 |   0.0 |      25 |       0 |   0.0
        D:7 |     220 |       0 |   0.0 |       9 |       0 |   0.0
            +---------+---------+-------+---------+---------+-------
